 Dungeon Crawl Stone Soup version 0.28.0 (webtiles) character file.

Game seed: 8435758611053228750

49 Jonnyslop the Poker (level 3, 0/28 HPs)
             Began as a Merfolk Gladiator on Apr 5, 2022.
             Slain by Terence (2 damage)
             ... on level 2 of the Dungeon.
             The game lasted 00:02:20 (1723 turns).

Jonnyslop the Poker (Merfolk Gladiator)             Turns: 1723, Time: 00:02:20

Health: 0/28       AC:  4    Str: 14    XL:     3   Next: 75%
Magic:  3/3        EV: 13    Int:  9    God:
Gold:   122        SH:  0    Dex: 15    Spells: 3/3 levels left

rFire   . . .      SeeInvis .   a - +0 trident
rCold   . . .      Faith    .   (no shield)
rNeg    . . .      Spirit   .   b - +0 leather armour
rPois   .          Reflect  .   c - +0 helmet
rElec   .          Harm     .   (no cloak)
rCorr   .          Rampage  .   (no gloves)
Will    .....                   (no boots)
Stlth   +.........              (no amulet)
HPRegen 0.09/turn               (no ring)
MPRegen 0.08/turn               (no ring)

@: no status effects
A: (nimble swimmer 2), mertail
a: no special abilities


You were on level 2 of the Dungeon.
You visited 1 branch of the dungeon, and saw 2 of its levels.

You collected 122 gold pieces.

Inventory:

Hand Weapons
 a - a +0 trident (weapon)
Missiles
 d - 3 throwing nets (quivered)
Armour
 b - a +0 leather armour (worn)
 c - a +0 helmet (worn)
Scrolls
 e - 2 scrolls of blinking
 f - a scroll of teleportation
Potions
 h - a potion of curing
 k - a potion of heal wounds {unknown}


   Skills:
 + Level 2.9 Fighting
 * Level 5.3 Polearms
 - Level 2.0 Throwing
 + Level 4.6 Dodging
 + Level 0.5 Spellcasting


You had 3 spell levels left.
You didn't know any spells.
Your spell library was empty.

Dungeon Overview and Level Annotations

Branches:
Dungeon (2/15)

Altars:

Annotations:
D:2 Terence


Innate Abilities, Weirdness & Mutations

((You are very nimble when in or above water. (Stealth+, EV+, Speed+++)))
Your lower body shifts to a powerful aquatic tail in water.


Message History

Terence barely misses you.
You barely miss Terence.
Terence is moderately wounded.
Terence barely misses you.
You hit Terence but do no damage.
Terence is moderately wounded.
Terence closely misses you.
You hit Terence but do no damage.
Terence is moderately wounded.
Terence barely misses you.
You puncture Terence!
Terence is severely wounded.
Terence hits you with a +3 morningstar of holy wrath!
Ouch! That really hurt!
You are too injured to fight recklessly!
You are too injured to fight recklessly!
You are too injured to fight recklessly!
You are too injured to fight recklessly!
You are too injured to fight recklessly!
You are too injured to fight recklessly!
You are too injured to fight recklessly!
You are too injured to fight recklessly!
You are too injured to fight recklessly!
You are too injured to fight recklessly!
You are too injured to fight recklessly!
You are too injured to fight recklessly!
You are too injured to fight recklessly!
You are too injured to fight recklessly!
You are too injured to fight recklessly!
You are too injured to fight recklessly!
You are too injured to fight recklessly!
You are too injured to fight recklessly!
You hit Terence but do no damage.
Terence is severely wounded.
Terence hits you with a +3 morningstar of holy wrath!
* * * LOW HITPOINT WARNING * * *
You hit Terence but do no damage.
Terence is severely wounded.
Terence hits you with a +3 morningstar of holy wrath.
You die...

##.####..รท.............#
.........##...##.....#.#
..........##.####...##..
#.####.#.##.# ##...... #
#.#.##.# #####.#
#.####.#.##.# #.#
#...........# #.#
######.#.#### #.. #@#...
..# #@##### ## #.# #.#
..# .## . #.


You could see Terence.

Vanquished Creatures
  An adder (D:2)
  A dart slug (D:2)
  5 ball pythons
  4 endoplasms
  2 giant cockroaches
  4 goblins
  3 hobgoblins
  3 quokkas
  5 bats
  A frilled lizard (D:2)
  2 kobolds (D:1)
  2 rats
33 creatures vanquished.

Notes
Turn   | Place    | Note
-------+----------+-------------------------------------------
     0 | D:1      | Jonnyslop the Merfolk Gladiator began the quest for the
                  | Orb.
     0 | D:1      | Reached XP level 1. HP: 16/16 MP: 1/1
   530 | D:1      | Reached XP level 2. HP: 23/23 MP: 2/2
   541 | D:1      | Found a faded altar of an unknown god.
  1222 | D:2      | Reached skill level 5 in Polearms
  1253 | D:2      | Reached XP level 3. HP: 26/28 MP: 3/3
  1704 | D:2      | Noticed Terence
  1723 | D:2      | Slain by Terence

Illustrated notes

Levels and vault maps discovered:
D:1:      saegor_arrival_simple_e, layout_loops_ring,
          ebering_ecumenical_altar_box, minmay_misc_feat_nine_boxes,
          amcnicky_mini_pool_small
D:2:      layout_loops_ring, minmay_pentomino_v2, uniq_terence

Skill      XL: |  1  2 |
---------------+-------+-----
Polearms       | 5 |  5.3
Fighting       | |  2.9
Throwing       | |  2.0
Dodging        | |  4.6
Spellcasting   | |  0.5

Action                   || total
-------------------------++-------
Melee: Trident           ||   131
       Punch             ||     2
  Use: Scroll            ||     5
 Stab: Sleeping          ||     3
Armor: Leather armour    ||    23
Dodge: Dodged            ||    75
